 Dungeon Crawl Stone Soup version 0.28-a0-1616-g050a50673c (webtiles) character file.

Game seed: 18170161150600523597

35874 Gargoyl the Fighter (level 13, -14/105 HPs)
             Began as a Gnoll Abyssal Knight on Jan 22, 2022.
             Was an Elder of Lugonu.
             Demolished by a death yak (16 damage)
             ... on level 5 of the Lair of Beasts.
             The game lasted 00:24:05 (24423 turns).

Gargoyl the Fighter (Gnoll Abyssal Knight)         Turns: 24423, Time: 00:24:06

Health: -14/105    AC: 20    Str: 23    XL:     13   Next: 86%
Magic:  0/25       EV:  9    Int:  9    God:    Lugonu [****..]
Gold:   1158       SH:  6    Dex: 12    Spells: 29/29 levels left

rFire   + . .      SeeInvis .   o - +7 demon blade "Hiogyuka" {venom, rElec}
rCold   . . .      Faith    .   j - +0 buckler "Moxoz" {rElec Str+3}
rNeg    . . .      Spirit   +   z - +0 plate armour
rPois   +          Reflect  .   (no helmet)
rElec   +          Harm     .   (no cloak)
rCorr   .          Rampage  .   C - +2 pair of gloves {Str+3}
Will    .....                   i - +1 pair of boots
Stlth   ..........              k - amulet of guardian spirit
HPRegen 0.27/turn               r - ring of protection from fire
MPRegen 0.19/turn               g - ring of poison resistance

@: unable to read
A: fangs 1, strong nose, distributed training, clumsy 1, inability to read while
threatened
a: Renounce Religion, Depart the Abyss, Bend Space, Banish, Corrupt


You were on level 5 of the Lair of Beasts.
You worshipped Lugonu.
Lugonu was greatly pleased with you.
You visited 2 branches of the dungeon, and saw 17 of its levels.
You visited the Abyss 1 time.
You also visited: Ossuary.

You collected 1335 gold pieces.
You spent 177 gold pieces at shops.

Inventory:

Hand Weapons
 a - a +4 hand axe
 h - a +4 dagger of electrocution
 o - the +7 demon blade "Hiogyuka" (weapon) {venom, rElec}
   (You acquired it on level 7 of the Dungeon)

   It poisons the flesh of those it strikes.
   rElec:     It insulates you from electricity.
 u - a +4 scimitar
Missiles
 m - 20 poisoned darts (quivered)
 H - 5 curare-tipped darts
 I - a throwing net
Armour
 i - a +1 pair of boots (worn)
 j - the +0 buckler "Moxoz" (worn) {rElec Str+3}
   (You took it off an orc wizard on level 4 of the Dungeon)

   Str:       It affects your strength (+3).
   rElec:     It insulates you from electricity.
 z - a +0 plate armour (worn)
 C - a +2 pair of gloves of strength (worn)
Jewellery
 d - an amulet of magic regeneration
 f - a ring of resist corrosion
 g - a ring of poison resistance (right hand)
 k - an amulet of guardian spirit (around neck)
 r - a ring of protection from fire (left hand)
 x - the ring of the Hero {rN+ Int+4}
   (You found it on level 9 of the Dungeon)

   [ring of positive energy]

   Int:       It affects your intelligence (+4).
   rN:        It protects you from negative energy.
Wands
 b - a wand of iceblast (29)
 t - a wand of flame (27)
 D - a wand of polymorph (9)
 E - a wand of acid (13)
 F - a wand of mindburst (8)
Scrolls
 c - 6 scrolls of teleportation
 e - 3 scrolls of fear
 q - 4 scrolls of identify
 s - 2 scrolls of blinking
 y - 2 scrolls of holy word
 G - a scroll of silence
 J - a scroll of fog
 L - a scroll of magic mapping
Potions
 l - a potion of resistance
 n - 8 potions of curing
 p - 3 potions of lignification
 v - a potion of magic
 w - 2 potions of brilliance
 A - 2 potions of flight
 B - a potion of berserk rage
 K - a potion of might


   Skills:
 + Level 10.9 Fighting
 + Level 8.7 Short Blades
 + Level 8.7 Long Blades
 + Level 9.9 Axes
 + Level 8.7 Maces & Flails
 + Level 8.7 Polearms
 + Level 8.7 Staves
 + Level 8.7 Slings
 + Level 8.7 Bows
 + Level 8.7 Crossbows
 + Level 8.7 Throwing
 + Level 9.9 Armour
 + Level 9.1 Dodging
 + Level 8.7 Stealth
 + Level 8.7 Shields
 + Level 8.7 Unarmed Combat
 + Level 8.7 Spellcasting
 + Level 7.2 Conjurations
 + Level 7.2 Hexes
 + Level 7.2 Summonings
 + Level 7.2 Necromancy
 + Level 7.2 Translocations
 + Level 7.2 Transmutations
 + Level 7.2 Fire Magic
 + Level 7.2 Ice Magic
 + Level 7.2 Air Magic
 + Level 7.2 Earth Magic
 + Level 7.2 Poison Magic
 + Level 10.5 Invocations
 + Level 8.7 Evocations


You had 29 spell levels left.
You didn't know any spells.
Your spell library contained the following spells:

 Spells                   Type           Power      Damage    Failure   Level
 Magic Dart               Conj           64%        1d6       13%         1
 Pain                     Necr           64%        1d7       13%         1
 Sandblast                Erth           32%        2d9       13%         1
 Sting                    Tmut/Pois      64%        1d6       13%         1
 Blink                    Tloc           32%        N/A       19%         2
 Call Imp                 Summ           16%        N/A       19%         2
 Ensorcelled Hibernation  Hex/Ice        32%        N/A       19%         2
 Passwall                 Tmut/Erth      13%        N/A       19%         2
 Poisonous Vapours        Pois/Air       32%        N/A       19%         2
 Static Discharge         Conj/Air       16%        N/A       19%         2
 Mephitic Cloud           Conj/Pois/Air  16%        N/A       36%         3
 Spider Form              Tmut/Pois      16%        N/A       36%         3
 Stone Arrow              Conj/Erth      32%        3d9       36%         3
 Swiftness                Air            16%        N/A       36%         3
 Anguish                  Hex/Necr       8%         N/A       77%         4
 Dispel Undead            Necr           16%        3d10      77%         4
 Olgreb's Toxic Radiance  Pois           16%        N/A       77%         4
 Passage of Golubria      Tloc           16%        N/A       77%         4
 Sticky Flame             Conj/Fire      16%        2d4       77%         4
 Alistair's Intoxication  Tmut/Pois      10%        N/A       98%         5
 Borgnjor's Vile Clutch   Necr/Erth      8%         N/A       98%         5
 Fireball                 Conj/Fire      8%         3d6       98%         5
 Freezing Cloud           Conj/Ice/Air   8%         6-21      98%         5
 Silence                  Hex/Air        8%         N/A       98%         5
 Summon Forest            Summ/Tloc      8%         N/A       98%         5
 Summon Mana Viper        Hex/Summ       16%        N/A       98%         5
 Eringya's Noxious Bog    Tmut/Pois      8%         N/A       100%        6
 Starburst                Conj/Fire      8%         6d4       100%        6
 Summon Cactus Giant      Summ           8%         N/A       100%        6
 Disjunction              Tloc           8%         N/A       100%        8
 Ignition                 Fire           8%         3d5       100%        8
 Lehudib's Crystal Spear  Conj/Erth      8%         10d3      100%        8


Dungeon Overview and Level Annotations

Branches:
Dungeon (12/15)            Temple (0/1) D:7            Lair (5/6) D:11
  Swamp (0/4) Lair:3       Spider (0/4) Lair:4          Orc (0/2) D:10
Ossuary (visited)
  Slime: Lair:5-6

Altars:
Ashenzari
Dithmenos
Gozag
Makhleb
Yredelemnul

Shops:
D:3 ?   D:4 *   D:10 [   D:11 [

Portals:
Abyss: Lair:3

Annotations:
Lair:3 2 transporters, Quacem's ghost, journeyman GnDe


Innate Abilities, Weirdness & Mutations

You have very sharp teeth.
Your uncanny sense of smell can sniff out nearby items.
Your experience applies equally to all skills.
You are clumsy. (Dex -2)
You sometimes lose the ability to read scrolls when taking damage.


Message History

The death yak barely misses you.
You slice the death yak!!
You bite the death yak, but do no damage.
The death yak is severely wounded.
The death yak gores you!
You barely miss the death yak.
You bite the death yak, but do no damage.
The death yak is severely wounded.
The death yak completely misses you.
Unknown command.
You hit the death yak.
The death yak looks as sick as possible!
The death yak is almost dead.
The death yak gores you!
You barely miss the death yak.
The death yak is severely wounded.
You slash the death yak!
The death yak looks as sick as possible!
The death yak is almost dead.
The death yak gores you!
You slash the death yak!
You kill the death yak!
Lugonu accepts your kill.
You slice the death yak!!
You bite the death yak, but do no damage.
The death yak is moderately wounded.
The death yak gores you!
* * * LOW HITPOINT WARNING * * *
You slash the death yak!
The death yak is heavily wounded.
The death yak gores you!
* * * LOW HITPOINT WARNING * * *
You slice the death yak!!
The death yak is severely wounded.
The death yak gores you!
* * * LOW HITPOINT WARNING * * *
You barely miss the death yak.
The death yak is severely wounded.
The death yak gores you!
You die...

#...................#
#..........##P....P##
##P....#... ###...
###..### .. #..#
#....# . ##..#.# ##
#...### ..## ###.####
#.#.## #.@#Y###P.....
#P.#Yh(........
#####...#...P#
#...#....# #.##.....#
#.........#
.............#
#....YY.....##
..............


You could see a death yak and a polar bear.

Vanquished Creatures
  Harold (Lair:1)
  A hydra (Lair:4)
  Erica (Lair:1)
  A two-headed ogre (D:10)
  4 death yaks (Lair:5)
  Urug (Lair:3)
  Nergalle (Lair:2)
  Sonja (Lair:1)
  Pikel (D:4)
  A bog body (Lair:3)
  3 lindwurms (Lair:4)
  2 deep elf pyromancers (D:9)
  2 ugly things
  A manticore (D:11)
  3 black mambas
  4 elephants
  Joseph (D:7)
  An unseen horror (D:11)
  3 cane toads
  5 komodo dragons
  2 kobold demonologists
  3 polar bears
  Prince Ribbit (D:5)
  3 wyverns
  A vampire (D:11)
  3 hogs (D:10)
  A wraith (D:10)
  2 basilisks
  37 yaks
  Eustachio (D:5)
  2 vampire mosquitoes (D:11)
  2 steam dragons
  A human (D:10)
  A redback (Lair:4)
  Menkaure (D:7)
  The ghost of Longtemps the Sneak, an amateur OpFE (D:3)
  11 water moccasins
  6 necrophages (Lair:5)
  5 orc warriors
  4 sky beasts
  8 wolves
  2 ogres
  A black bear (D:3)
  The ghost of anet the Conjurer, an amateur HOCj of Beogh (D:3)
  4 centaurs
  A phantom (D:5)
  2 lemures (D:4)
  An elf zombie (Ossuary)
  7 kobold brigands
  2 gnoll sergeants
  6 bullfrogs
  A water moccasin zombie (D:5)
  3 scorpions
  11 killer bees
  8 wights
  2 electric eels (D:7)
  A howler monkey (D:8)
  5 centaur zombies
  2 centaur skeletons (D:5)
  3 human zombies (Ossuary)
  6 orc priests
  3 iguanas
  5 orc wizards
  3 mummies (Ossuary)
  16 gnolls
  7 adders
  4 adder zombies (Ossuary)
  A worm (D:3)
  11 dart slugs
  35 orcs
  4 ball pythons
  5 bats
  6 endoplasms
  A giant cockroach (D:2)
  4 gnoll zombies (Ossuary)
  3 goblins
  4 hobgoblins
  3 jackals
  4 quokkas
  2 frilled lizards
  4 goblin zombies (Ossuary)
  5 hobgoblin zombies (Ossuary)
  4 jackal zombies (Ossuary)
  13 kobolds
  2 kobold zombies (Ossuary)
  4 quokka zombies (Ossuary)
  20 rats
  A rat zombie (Ossuary)
377 creatures vanquished.

Vanquished Creatures (others)
  A jelly (D:4)
  A centaur skeleton (D:7)
  A giant cockroach (D:4)
  A bush (Lair:5)
  21 fungi
  24 plants
49 creatures vanquished.

Grand Total: 426 creatures vanquished

Notes
Turn   | Place    | Note
-------+----------+-------------------------------------------
     0 | Abyss:1  | Gargoyl the Gnoll Abyssal Knight began the quest for the
                  | Orb.
     0 | Abyss:1  | Reached XP level 1. HP: 23/23 MP: 3/3
    43 | Abyss:1  | Found a bloodstained altar of Trog.
    44 | D:1      | Escaped the Abyss
   108 | D:1      | Reached * piety under Lugonu
   115 | D:1      | Reached XP level 2. HP: 21/29 MP: 5/5
   911 | D:2      | Reached XP level 3. HP: 35/35 MP: 6/6
  1253 | D:2      | Found a faded altar of an unknown god.
  1262 | D:2      | Got Plato's Almanac of Necromancy
  1609 | D:3      | Found Jib Ezxiocs's Magic Scroll Boutique.
  1615 | D:3      | Reached skill level 1 in Short Blades
  1615 | D:3      | Reached skill level 1 in Long Blades
  1615 | D:3      | Reached skill level 1 in Maces & Flails
  1615 | D:3      | Reached skill level 1 in Polearms
  1615 | D:3      | Reached skill level 1 in Staves
  1615 | D:3      | Reached skill level 1 in Slings
  1615 | D:3      | Reached skill level 1 in Bows
  1615 | D:3      | Reached skill level 1 in Crossbows
  1615 | D:3      | Reached skill level 1 in Throwing
  1615 | D:3      | Reached skill level 1 in Stealth
  1615 | D:3      | Reached skill level 1 in Shields
  1615 | D:3      | Reached skill level 1 in Unarmed Combat
  1615 | D:3      | Reached skill level 1 in Spellcasting
  1615 | D:3      | Reached skill level 1 in Evocations
  1736 | D:3      | Bought a scroll of teleportation for 30 gold pieces
  1756 | D:3      | Reached XP level 4. HP: 31/41 MP: 7/7
  2028 | D:3      | Reached skill level 1 in Conjurations
  2028 | D:3      | Reached skill level 1 in Hexes
  2028 | D:3      | Reached skill level 1 in Summonings
  2028 | D:3      | Reached skill level 1 in Necromancy
  2028 | D:3      | Reached skill level 1 in Translocations
  2028 | D:3      | Reached skill level 1 in Transmutations
  2028 | D:3      | Reached skill level 1 in Fire Magic
  2028 | D:3      | Reached skill level 1 in Ice Magic
  2028 | D:3      | Reached skill level 1 in Air Magic
  2028 | D:3      | Reached skill level 1 in Earth Magic
  2028 | D:3      | Reached skill level 1 in Poison Magic
  2226 | D:3      | Noticed a black bear
  2238 | D:3      | HP: 2/61 [black bear (5)]
  2239 | D:3      | Killed a black bear
  2240 | D:3      | Reached XP level 5. HP: 3/47 MP: 8/8
  2576 | D:3      | Reached ** piety under Lugonu
  2825 | D:3      | Reached skill level 5 in Invocations
  2975 | D:3      | Found a runed translucent gate.
  2975 | D:3      | Found a runed translucent gate.
  2975 | D:3      | Found a runed translucent gate.
  2977 | D:3      | Found an opulent altar of Gozag.
  3138 | D:3      | Reached XP level 6. HP: 47/53 MP: 7/9
  3249 | D:3      | Noticed anet's ghost (amateur HOCj)
  3499 | D:3      | Killed anet's ghost
  3500 | D:3      | Reached skill level 5 in Axes
  3500 | D:3      | Reached skill level 5 in Armour
  3897 | D:4      | Found a burning altar of Makhleb.
  3898 | D:4      | Found a broken altar of Ashenzari.
  3899 | D:4      | Found a basalt altar of Yredelemnul.
  3900 | D:4      | Found a shadowy altar of Dithmenos.
  4152 | D:4      | Noticed Longtemps's ghost (amateur OpFE)
  4160 | D:4      | Found a runed translucent gate.
  4160 | D:4      | Found a runed translucent gate.
  4160 | D:4      | Found a runed translucent gate.
  4160 | D:4      | Noticed a steam dragon
  4180 | D:4      | Noticed a yak
  4181 | D:4      | Noticed a yak
  4181 | D:4      | Noticed a yak
  4271 | D:4      | Identified the +0 buckler "Moxoz" {rElec Str+3}
  4312 | D:4      | Reached XP level 7. HP: 7/59 MP: 1/10
  4612 | D:4      | Found Ryummoseth's General Store.
  4620 | D:4      | Bought a scroll of teleportation for 42 gold pieces
  4620 | D:4      | Bought a scroll of enchant weapon for 105 gold pieces
  4997 | D:4      | Killed a yak
  5152 | D:4      | Killed a yak
  5500 | D:4      | Killed a yak
  5501 | D:4      | Reached XP level 8. HP: 41/67 MP: 6/12
  5736 | D:3      | Killed Longtemps's ghost
  6088 | D:5      | Entered Level 5 of the Dungeon
  6094 | D:5      | Noticed Pikel
  6151 | D:4      | Killed Pikel
  6152 | D:4      | Reached XP level 9. HP: 18/73 MP: 3/14
  6479 | D:5      | Got the Catalogue of the Voyage and Flight
  7056 | D:5      | Noticed Prince Ribbit
  7078 | D:5      | Killed Prince Ribbit
  7079 | D:5      | Reached skill level 5 in Dodging
  7255 | D:5      | Noticed Eustachio
  7269 | D:5      | Killed Eustachio
  7823 | D:5      | Reached *** piety under Lugonu
  9502 | D:7      | Identified a scroll of acquirement
  9502 | D:7      | Acquired the +7 demon blade "Hiogyuka" {venom, rElec}
  9525 | D:7      | Noticed Menkaure
  9859 | D:7      | Killed Menkaure
  9860 | D:7      | Reached XP level 10. HP: 65/80 MP: 13/17
  9861 | D:7      | Found a staircase to the Ecumenical Temple.
 10177 | D:7      | Reached skill level 5 in Short Blades
 10177 | D:7      | Reached skill level 5 in Long Blades
 10177 | D:7      | Reached skill level 5 in Maces & Flails
 10177 | D:7      | Reached skill level 5 in Polearms
 10177 | D:7      | Reached skill level 5 in Staves
 10177 | D:7      | Reached skill level 5 in Slings
 10177 | D:7      | Reached skill level 5 in Bows
 10177 | D:7      | Reached skill level 5 in Crossbows
 10177 | D:7      | Reached skill level 5 in Throwing
 10177 | D:7      | Reached skill level 5 in Stealth
 10177 | D:7      | Reached skill level 5 in Shields
 10177 | D:7      | Reached skill level 5 in Unarmed Combat
 10177 | D:7      | Reached skill level 5 in Spellcasting
 10177 | D:7      | Reached skill level 5 in Evocations
 10251 | D:7      | Noticed Joseph
 10263 | D:7      | Killed Joseph
 10843 | D:8      | Found a sand-covered staircase.
 10881 | Ossuary  | Entered an ossuary
 11017 | Ossuary  | Reached **** piety under Lugonu
 11732 | D:9      | Noticed a deep elf pyromancer
 11739 | D:9      | Killed a deep elf pyromancer
 11892 | D:9      | Identified the ring of the Hero {rN+ Int+4}
 11892 | D:9      | Noticed a deep elf pyromancer
 11898 | D:9      | Killed a deep elf pyromancer
 12301 | D:10     | Entered Level 10 of the Dungeon
 12501 | D:10     | Reached XP level 11. HP: 87/87 MP: 19/19
 12503 | D:10     | Reached ***** piety under Lugonu
 13068 | D:10     | Reached skill level 5 in Conjurations
 13068 | D:10     | Reached skill level 5 in Hexes
 13068 | D:10     | Reached skill level 5 in Summonings
 13068 | D:10     | Reached skill level 5 in Necromancy
 13068 | D:10     | Reached skill level 5 in Translocations
 13068 | D:10     | Reached skill level 5 in Transmutations
 13068 | D:10     | Reached skill level 5 in Fire Magic
 13068 | D:10     | Reached skill level 5 in Ice Magic
 13068 | D:10     | Reached skill level 5 in Air Magic
 13068 | D:10     | Reached skill level 5 in Earth Magic
 13068 | D:10     | Reached skill level 5 in Poison Magic
 13223 | D:10     | Noticed a two-headed ogre
 13238 | D:10     | Killed a two-headed ogre
 13601 | D:10     | Found Yzuaju's Antique Armour Shoppe.
 13900 | D:10     | Found a staircase to the Orcish Mines.
 13937 | D:10     | You fall into a shaft and drop 2 floors!
 13956 | D:12     | Noticed a brown ugly thing
 13964 | D:12     | Banished a brown ugly thing
 14089 | D:12     | Noticed a purple ugly thing
 14111 | D:12     | Killed a purple ugly thing
 15176 | D:11     | Gained mutation: You sometimes lose the ability to read
                  | scrolls when taking damage. [potion of mutation]
 15176 | D:11     | Gained mutation: You are clumsy. (Dex -2) [potion of
                  | mutation]
 15600 | D:11     | Noticed a white ugly thing
 15653 | D:11     | Reached XP level 12. HP: 96/96 MP: 22/22
 16146 | D:11     | Found Irasyufi's Armour Emporium.
 16305 | D:11     | Found a staircase to the Lair.
 16308 | D:11     | Identified the +0 ring mail of Crawling {rC+}
 16643 | Lair:1   | Entered Level 1 of the Lair of Beasts
 16673 | Lair:1   | Noticed Sonja
 16690 | Lair:1   | Killed Sonja
 16965 | Lair:1   | Noticed Erica
 16965 | Lair:1   | Noticed Harold
 16982 | Lair:1   | Killed Erica
 16991 | Lair:1   | Killed Harold
 17953 | Lair:1   | Noticed a seven-headed hydra
 17958 | Lair:1   | Banished a seven-headed hydra
 18207 | Lair:1   | Reached skill level 10 in Fighting
 19644 | Lair:3   | Noticed Nergalle
 19644 | Lair:3   | Noticed Urug
 19658 | Lair:2   | Killed Nergalle
 19933 | Lair:2   | Reached XP level 13. HP: 52/103 MP: 12/24
 20144 | Lair:3   | Killed Urug
 20503 | Lair:3   | Found a transporter.
 20810 | Lair:3   | Found a transporter.
 20846 | Lair:3   | Found a one-way gate to the infinite horrors of the Abyss.
 20847 | Lair:3   | Noticed Quacem's ghost (journeyman GnDe)
 20864 | Lair:3   | Noticed an entropy weaver
 20929 | Lair:3   | Noticed a spark wasp
 21138 | Lair:3   | Reached skill level 10 in Invocations
 21172 | Lair:3   | Found a staircase to the Swamp.
 21328 | Lair:3   | Identified the +10 dagger "Weaguqaj" {vorpal, rPois rCorr
                  | Stlth+}
 21386 | Lair:3   | Noticed a minotaur
 21466 | Lair:3   | Noticed an ice dragon
 22600 | Lair:4   | Found a hole to the Spider Nest.
 24422 | Lair:5   | HP: 2/105 [death yak (7)]
 24423 | Lair:5   | Demolished by a death yak

Illustrated notes

Levels and vault maps discovered:
D:1:      saegor_arrival_simple_e, layout_rooms, minmay_tromino_v7
D:2:      layout_basic, shapermc_ecumenical_altar_rom_forum
D:3:      layout_rooms, ebering_ghost_gozag, serial_shops, shop_scrolls,
          nicolae_grassy_gnolls
D:4:      layout_loops_ring, mainiacjoe_overflow_alcove_3, serial_shops, shop,
          gammafunk_ghost_split, minmay_rat_hole
D:5:      layout_rooms, st_stairs_9, uniq_eustachio, uniq_pikel,
          uniq_prince_ribbit1
D:6:      layout_rooms
D:7:      kennysheep_slugbush, layout_cave_pools,
          minmay_temple_entry_proselytizer, uniq_joseph, uniq_menkaure
D:8:      layout_gridville, nicolae_ossuary_entry_plus,
          chequers_serial_rivers_room_b
D:9:      layout_loops_ring
D:10:     layout_loops_corners, hiddenorc1_lemuel, serial_shops, shop,
          minmay_variable_closet, hangedman_decor_diamond_cutter,
          grunt_livestock, hangedman_decor_clover_reticule, st_stairs_4
D:11:     layout_stronghold, lair_entry_dummy, serial_co_window_serial,
          co_window_paths_a, co_window_corner_a, co_window_paths_b,
          co_window_of_opportunity_a, co_window_corner_a,
          co_window_of_opportunity_b, co_window_cross_3,
          co_window_unsneaky_path_c, co_window_cross_4, co_window_paths_d,
          glass_columns_a, serial_shops, shop
D:12:     layout_irregular_city, serial_shops, nicolae_shop_window_shopping,
          nicolae_dithmenos_shadow_blocks
Lair:1:   layout_roguey, uniq_erica, uniq_sonja, uniq_harold
Lair:2:   layout_cellular_growth
Lair:3:   layout_loops_ring, skrybe_swamp_entry_bodies,
          gammafunk_ghost_abyssal_escape, infiniplex_staircase_pool,
          uniq_nergalle, uniq_urug
Lair:4:   layout_cave_pods, spider_nest_entry_webs, nicolae_lair_lindhole,
          grunt_megastairs_2, lemuel_fruit_fields, infiniplex_staircase_pool_2,
          serial_bayou_shore_b
Lair:5:   layout_layer_cave, roderic_carrion_pond

Skill      XL: |  1  2  3  4  5  6  7  8  9 10 11 12 13 |
---------------+----------------------------------------+-----
Short Blades   | 1 2 3 4 5 6 7 8 |  8.7
Long Blades    | 1 2 3 4 5 6 7 8 |  8.7
Maces & Flails | 1 2 3 4 5 6 7 8 |  8.7
Polearms       | 1 2 3 4 5 6 7 8 |  8.7
Staves         | 1 2 3 4 5 6 7 8 |  8.7
Slings         | 1 2 3 4 5 6 7 8 |  8.7
Bows           | 1 2 3 4 5 6 7 8 |  8.7
Crossbows      | 1 2 3 4 5 6 7 8 |  8.7
Throwing       | 1 2 3 4 5 6 7 8 |  8.7
Stealth        | 1 2 3 4 5 6 7 8 |  8.7
Shields        | 1 2 3 4 5 6 7 8 |  8.7
Unarmed Combat | 1 2 3 4 5 6 7 8 |  8.7
Spellcasting   | 1 2 3 4 5 6 7 8 |  8.7
Evocations     | 1 2 3 4 5 6 7 8 |  8.7
Conjurations   | 1 2 3 4 5 6 7 |  7.2
Hexes          | 1 2 3 4 5 6 7 |  7.2
Summonings     | 1 2 3 4 5 6 7 |  7.2
Necromancy     | 1 2 3 4 5 6 7 |  7.2
Translocations | 1 2 3 4 5 6 7 |  7.2
Transmutations | 1 2 3 4 5 6 7 |  7.2
Fire Magic     | 1 2 3 4 5 6 7 |  7.2
Ice Magic      | 1 2 3 4 5 6 7 |  7.2
Air Magic      | 1 2 3 4 5 6 7 |  7.2
Earth Magic    | 1 2 3 4 5 6 7 |  7.2
Poison Magic   | 1 2 3 4 5 6 7 |  7.2
Dodging        | 3 4 5 6 7 8 9 |  9.1
Invocations    | 5 6 7 8 9 10 | 10.5
Axes           | 5 6 7 8 9 |  9.9
Armour         | 5 6 7 8 9 |  9.9
Fighting       | 7 8 9 10 | 10.9

Action                   |  1- 3 |  4- 6 |  7- 9 | 10-12 | 13-15 || total
-------------------------+-------+-------+-------+-------+-------++-------
Melee: Hand axe          |    95 |   137 |       |       |       ||   232
       Bite              |     5 |    15 |    61 |    78 |    42 ||   201
       Punch             |     1 |     3 |       |       |       ||     4
       Dagger            |       |    12 |   383 |       |       ||   395
       Demon blade       |       |       |     4 |   610 |   245 ||   859
Throw: Dart              |       |     9 |    21 |    10 |     6 ||    46
Invok: Depart the Abyss  |     1 |       |       |       |       ||     1
       Bend Space        |       |       |     2 |     2 |     1 ||     5
       Banish            |       |       |       |     4 |     5 ||     9
  Use: Scroll            |     7 |     1 |    11 |    12 |     3 ||    34
       Potion            |       |     3 |     3 |     3 |       ||     9
 Stab: Sleeping          |       |     1 |       |     1 |       ||     2
Armor: Leather armour    |    38 |    24 |       |       |       ||    62
       Skin              |       |     4 |       |     4 |       ||     8
       Scale mail        |       |    36 |   149 |    86 |       ||   271
       Plate armour      |       |       |       |   315 |   174 ||   489
Dodge: Dodged            |    91 |   105 |   149 |   321 |   115 ||   781
Block: Buckler           |       |       |    82 |   197 |    89 ||   368

Table legend: (Time is in decaauts)
 A = Elapsed time spent in this place.
 B = Non-inter-level travel time spent in this place.
 C = Inter-level travel time spent in this place.
 D = Time resting spent in this place.
 E = Time spent auto-exploring this place.
 F = Levels seen in this place.
 G = Mean time per level.
                   A        B        C        D        E       F      G
               +--------+--------+--------+--------+--------+-----+--------+
         Total |  24429 |  23944 |    485 |   6308 |  13677 |  19 | 1285.7 |
       Dungeon |  16177 |  15794 |    383 |   4615 |   8465 |  12 | 1348.1 |
          Lair |   7764 |   7662 |    102 |   1693 |   4943 |   5 | 1552.8 |
         Abyss |     44 |     44 |      0 |      0 |     43 |   1 |   44.0 |
       Ossuary |    442 |    442 |      0 |      0 |    226 |   1 |  442.0 |
               +--------+--------+--------+--------+--------+-----+--------+

Top non-repeatable levels by time:
    D:10: 2354 daAuts
     D:4: 2246 daAuts
  Lair:2: 2212 daAuts
     D:3: 2115 daAuts
  Lair:4: 1877 daAuts
     D:6: 1636 daAuts
  Lair:3: 1616 daAuts
    D:11: 1543 daAuts
  Lair:1: 1523 daAuts
     D:5: 1332 daAuts
     D:2: 1302 daAuts
     D:7: 1141 daAuts
     D:9: 708 daAuts
     D:1: 691 daAuts
     D:8: 648 daAuts
